 Dungeon Crawl Stone Soup version 0.20-a0-969-g5a5da1e (webtiles) character file.

57 Fang the Skirmisher (level 4, -3/29 HPs)
             Began as a Gargoyle Berserker on May 2, 2018.
             Was a Follower of Trog.
             Slain by an adder (4 damage)
             ... on level 2 of the Dungeon on May 7, 2018.
             The game lasted 00:00:31 (381 turns).

Fang the Skirmisher (Gargoyle Berserker)             Turns: 381, Time: 00:00:32

Health: -3/29      AC:  5    Str: 21    XL:     4   Next: 0%
Magic:  4/4        EV: 12    Int:  8    God:    Trog [*.....]
Gold:   15         SH:  0    Dex:  9    Spells: 3/3 levels left

rFire    . . .     SeeInvis .   a - +0 hand axe
rCold    . . .     Gourm    .   (no shield)
rNeg     + . .     Faith    .   b - +0 animal skin
rPois    ∞         Spirit   .   (no helmet)
rElec    +         Reflect  .   (no cloak)
rCorr    .         Harm     .   (no gloves)
MR       .....                  (no boots)
Stlth    +.........             (no amulet)
Regen    0.1/turn               (no ring)
MPRegen  0.1/turn               (no ring)

@: no status effects
A: negative energy resistance 1, electricity resistance, unbreathing,
petrification resistance, rot immunity, AC +3
a: Berserk, Burn Spellbooks, Renounce Religion


You were on level 2 of the Dungeon.
You worshipped Trog.
Trog was aware of your devotion.
You were not hungry.

You visited 1 branch of the dungeon, and saw 2 of its levels.

You collected 15 gold pieces.

Inventory:

Hand Weapons
 a - a +0 hand axe (weapon)
Armour
 b - a +0 animal skin (worn)
Scrolls
 d - a scroll of remove curse {unknown}
 e - a scroll of recharging {unknown}
 i - a scroll of enchant weapon {unknown}
Potions
 f - a potion of haste {unknown}
 h - a potion of ambrosia {unknown}
Comestibles
 c - 2 bread rations
 g - a royal jelly


   Skills:
 + Level 4.2 Fighting
 + Level 3.3 Axes
 + Level 2.4 Armour
 + Level 1.7 Dodging


You had 3 spell levels left.
You didn't know any spells.

Dungeon Overview and Level Annotations

Branches:
Dungeon (1/15)

Altars:


Innate Abilities, Weirdness & Mutations

You are resistant to torment.
Your stone body is resilient. (AC +3)
You are immune to poison.
You resist negative energy. (rN+)
You are resistant to electric shocks. (rElec)
You can survive without breathing.
You are immune to petrification.
You are immune to rotting.


Message History

The adder is severely wounded.
The adder misses you.
You completely miss the adder.
The adder is severely wounded.
The adder barely misses you. The adder bites you but does no damage.
You hit the adder but do no damage.
The adder is severely wounded.
The adder bites you.
* * * LOW HITPOINT WARNING * * *
You hit the adder but do no damage.
The adder is severely wounded.
The adder barely misses you. The adder bites you.
* * * LOW HITPOINT WARNING * * *
You barely miss the adder.
The adder is severely wounded.
The adder bites you but does no damage.
You miss the adder.
The adder is severely wounded.
The adder bites you.
You die...

#.>........ ...
#......##.#####
#.####.##....?.
#.# #.#.?.....
#.####.........
##...........#
#......#.###..#
#......#..)#
........###.@S#
####.......⌠...#
#....#...###...
#....#(..# .....
####.###.# .###
#.. ... # ## ..
...


You could see an adder.

Vanquished Creatures
  Jessica (D:2)
  2 adders (D:2)
  A dart slug (D:1)
  A bat (D:1)
  A giant cockroach (D:2)
  2 hobgoblins
  A kobold (D:1)
  A ball python (D:1)
  A goblin (D:1)
  3 rats (D:1)
14 creatures vanquished.

Notes
Turn   | Place    | Note
-------+----------+-------------------------------------------
     0 | D:1      | Fang the Gargoyle Berserker began the quest for the Orb.
     0 | D:1      | Reached XP level 1. HP: 14/14 MP: 1/1
    41 | D:1      | Reached XP level 2. HP: 15/19 MP: 2/2
   226 | D:1      | You fall through a shaft!
   244 | D:2      | Noticed Jessica
   250 | D:2      | Killed Jessica
   250 | D:2      | Reached skill level 4 in Fighting
   250 | D:2      | Reached XP level 3. HP: 24/24 MP: 3/3
   368 | D:2      | Reached XP level 4. HP: 7/29 MP: 4/4
   379 | D:2      | HP: 1/29 [adder (2)]
   381 | D:2      | Slain by an adder

Vault maps used:
D:1:      dpeg_arrival_tiny_a, minivault_25, st_stairs_14, minivault_4,
          minmay_surrounded
D:2:      minmay_pentomino_v4, uniq_natasha, uniq_jessica

Skill      XL: |  1  2 |
---------------+-------+-----
Axes           | 3 |  3.3
Fighting       | 4 |  4.2
Armour         | |  2.4
Dodging        | |  1.7

Action                   |  1- 3 |  4- 6 || total
-------------------------+-------+-------++-------
Melee: Hand axe          |    41 |    12 ||    53
Invok: Berserk           |     2 |       ||     2
Armor: Animal skin       |    21 |     4 ||    25
Dodge: Dodged            |    33 |    10 ||    43
